AoeStats
← Shredded_Pork

MegaRandom

507477203Analyzed
4v4 RM · 14d ago on Sep 18, 2026· 30m 16s· 8 players
Game mode
Random Map
Map size
Large (8 player)
Population
200
Speed
Normal
Resources
Standard
Victory
Conquest
Starting age
Dark Age
Ending age
Imperial Age
RankedLock teamsTeams togetherTeam positionsShared explorationLock speedFull tech treeHidden civsTurbo modeCheats
Victory
Defeat
🇷🇴 Khmer · Romania
734
+14
🇲🇽 Mongols · Mexico
711
+15
🇺🇸 Georgians · United States
648
+17
🇷🇺 Britons · Russia
642
+18
🇹🇷 Celts · Türkiye
742
-18
🇨🇳 Saracens · China
686
-16
🇨🇳 Khmer · China
657
-27
🇨🇳 Muisca · China
648
-20
birtanonline
1:45 Loom
13:05 Feudal Age
13:45 Stone Mining
13:46 Double-Bit Axe
13:50 Town Watch
14:22 Gold Mining
14:53 Horse Collar
16:27 Wheelbarrow
23:01 Castle Age
23:25 Fletching
23:37 Padded Archer Armor
24:23 Stone Shaft Mining
24:08 Bow Saw
24:14 Bodkin Arrow
24:37 Heavy Plow
26:27 Gold Shaft Mining
27:42 Fortified Wall
27:28 Murder Holes
Shredded_Pork
11:24 Feudal Age
14:15 Double-Bit Axe
20:59 Castle Age
19:16 Horse Collar
23:01 Stone Mining
25:27 Heavy Plow
26:31 Gold Mining
北风
0:36 Loom
11:22 Feudal Age
12:56 Horse Collar
13:20 Double-Bit Axe
15:13 Champi Runner
19:42 Gold Mining
AYW
12:47 Feudal Age
17:40 Wheelbarrow
17:33 Double-Bit Axe
26:33 Horse Collar
27:53 Stone Mining
27:54 Gold Mining
31:15 Castle Age
Sonny22Black
12:41 Feudal Age
15:01 Horse Collar
19:16 Castle Age
20:03 Wheelbarrow
19:50 Town Watch
20:21 Double-Bit Axe
23:34 Heavy Plow
23:35 Stone Mining
28:14 Gold Mining
29:34 Hand Cart
29:20 Town Patrol
30:34 Bow Saw
xLEOx
12:57 Feudal Age
17:45 Castle Age
16:56 Double-Bit Axe
16:53 Horse Collar
19:00 Bow Saw
18:53 Heavy Plow
25:32 Wheelbarrow
28:54 Hand Cart
Babymunch x
10:39 Feudal Age
12:16 Loom
17:59 Castle Age
16:53 Double-Bit Axe
17:02 Stone Mining
19:36 Caravan
MedicenKarly
2:38 Loom
18:25 Feudal Age
20:45 Wheelbarrow
19:52 Horse Collar
20:02 Double-Bit Axe
26:58 Stone Mining
30:34 Castle Age
29:05 Padded Archer Armor
28:55 Fletching
Connection lost

Rejoining the realm…

Still unreachable

The connection could not be restored.

Session expired

The server has moved on; the page needs a fresh start.